 Dungeon Crawl Stone Soup version 0.30-a0-1043-g60ff8d5f49 (webtiles) character file.

Game seed: 8276045298478093072

1225 Zonian the Trooper (level 8, -7/70 HPs)
             Began as a Black Draconian Gladiator on Apr 9, 2023.
             Was an Initiate of Ashenzari.
             Mangled by an orc warrior
             ... wielding a +0 trident
              (8 damage)
             ... on level 6 of the Dungeon.
             The game lasted 00:11:35 (5641 turns).

Zonian the Trooper (Black Draconian Gladiator)      Turns: 5641, Time: 00:11:35

Health: -7/70      AC:  7    Str: 22    XL:     8   Next: 23%
Magic:  8/8        EV: 14    Int:  8    God:    Ashenzari [......]
Gold:   366        SH:  0    Dex: 13    Spells: 7/7 levels left

rFire   . . .      SeeInvis +    j - +8 hammer "Newtbane" {freeze, rCorr Str+3 SInv}
rCold   . . .      Faith    .    (no shield)
rNeg    + . .      Spirit   .    (body armour unavailable)
rPois   .          Reflect  .    a - +0 hat
rElec   +          Rampage  .    (no cloak)
rCorr   +                        k - +0 pair of gloves
Will    .....                    (no boots)
Stlth   +                        (no amulet)
HPRegen 0.31/turn                m - ring of positive energy
MPRegen 0.11/turn                (no ring)

@: studying Transmutations, invisible
A: breathe lightning, AC +6, unfitting armour, electricity resistance,
cold-blooded
a: Breathe Lightning, Renounce Religion, Curse Item


You were on level 6 of the Dungeon.
You worshipped Ashenzari.
Ashenzari was noncommittal.
You visited 2 branches of the dungeon, and saw 7 of its levels.
You also visited: Sewer.

You collected 366 gold pieces.

Inventory:

Hand Weapons
 j - the +8 hammer "Newtbane" (weapon) {freeze, rCorr Str+3 SInv}
   (You found it on level 2 of the Dungeon)

   Str:       It affects your strength (+3).
   SInv:      It lets you see invisible.
   rCorr:     It protects you from acid and corrosion.
Missiles
 b - 2 throwing nets (quivered)
 q - 7 javelins
Armour
 a - a +0 hat (worn)
 k - a +0 pair of gloves (worn)
Jewellery
 m - a ring of positive energy (left hand)
Wands
 z - a wand of polymorph (11)
Scrolls
 d - a scroll of torment {unknown}
 f - 3 scrolls of poison {unknown}
 g - a scroll of silence {unknown}
 h - 2 scrolls of amnesia {unknown}
 l - a scroll of enchant weapon {unknown}
 t - a scroll of enchant armour {unknown}
 v - 3 scrolls of fear {unknown}
 w - 2 scrolls of butterflies {unknown}
 y - 2 scrolls of teleportation {unknown}
 B - a scroll of magic mapping {unknown}
 C - a scroll of identify
Potions
 c - 4 potions of flight
 e - 3 potions of mutation
 i - a potion of lignification
 n - a potion of degeneration
 o - a potion of heal wounds
 r - 2 potions of berserk rage
 s - 2 potions of might
 u - a potion of haste {unknown}
 x - a potion of brilliance {unknown}
 A - a potion of attraction


   Skills:
 + Level 5.7 Fighting
 + Level 4.3 Maces & Flails
 + Level 4.8 Throwing
 + Level 5.2 Dodging
 - Level 3.4 Unarmed Combat


You had 7 spell levels left.
You didn't know any spells.
Your spell library contained the following spells:

 Spells                   Type           Power      Damage    Failure   Level
 Malign Gateway           Summ/Tloc      0%         N/A       100%        7
 Summon Horrible Things   Summ           0%         N/A       100%        8


Dungeon Overview and Level Annotations

Branches:
Dungeon (6/15)             Temple (1/1) D:4           Sewer (visited)

Altars:
Ashenzari
Cheibriados
Dithmenos
Elyvilon
Fedhas
Gozag
Hepliaklqana
Kikubaaqudgha
Nemelex Xobeh
Okawaru
Qazlal
Ru
Sif Muna
Trog
Uskayaw
Vehumet
Wu Jian
Yredelemnul
Zin

Annotations:
D:2 1 runed translucent door, Crazy Yiuf


Innate Abilities, Weirdness & Mutations

You can breathe wild blasts of lightning.
Your glossy black scales are hard. (AC +6)
You cannot fit into any form of body armour.
You are resistant to electric shocks. (rElec)
You are cold-blooded and may be slowed by cold attacks.


Message History

The orc warrior hits the plant with a +0 trident!
The plant begins to die.
A jelly comes into view.
The jelly hits you but does no damage.
You thump the jelly! You freeze the jelly.
Your hands burn!
The jelly is moderately wounded.
The jelly hits you.
You are splashed with acid.
You resist.
You sock the jelly! You freeze the jelly.
You kill the jelly!
The orc priest looks satisfied for a moment.
A centaur comes into view.
Found 3 stones.
The centaur shouts!
You hear a shout!
The centaur wields a +0 shortbow.
The centaur shoots an arrow.
The arrow closely misses you.
The orc priest looks braver for a moment.
The orc priest calls down the wrath of Beogh upon you.
Beogh smites you!
The centaur shoots an arrow.
The arrow hits you! The orc priest closely misses you.
The centaur shoots an arrow.
The arrow hits you.
The orc warrior hits you from afar with a +0 trident.
You closely miss the orc priest.
The orc priest hits you but does no damage.
The orc warrior hits you from afar with a +0 trident!
* * * LOW HITPOINT WARNING * * *
The centaur shoots an arrow.
The arrow hits you but does no damage.
Unknown command.
You feel much better.
The centaur shoots an arrow.
The arrow hits you!
The orc priest invokes the aid of Beogh against you.
Pain shoots through your body!
The orc warrior hits you from afar with a +0 trident!
* * * LOW HITPOINT WARNING * * *
Okay, then.
You fade into invisibility!
The centaur shoots an arrow.
The arrow hits you.
* * * LOW HITPOINT WARNING * * *
The orc priest misses you.
The orc warrior hits you from afar with a +0 trident!
You die...

#... .... ##.##
♣...
####...#########
♣♣♣♣...
+...........)...
~..(..
####.).#########
♣~... ##.## ♣...
#)#
♣#...########.#
#.c....@ooo##.#
#.#o.######.##.#
##....###.##.#
## .#.
#o......># #.
..oo.♣####.####
#. ...~oo.....#
#. ...P~P######
#. ...P~ #. ...♣
#.


You could see an orc warrior (unable to see you), a centaur (unable to see you),
2 orc priests and an orc (unable to see you).

Vanquished Creatures
  Eustachio (D:5)
  Edmund (D:6)
  Pargi (Sewer)
  A black bear (D:4)
  3 scorpions
  A wight (D:4)
  An electric eel (D:6)
  3 orc priests
  2 jellies (D:6)
  An iguana (D:5)
  Natasha (twice) (D:2)
  Terence (D:3)
  4 orc wizards
  4 adders
  A shadow imp (D:4)
  A dart slug (D:4)
  18 orcs
  6 endoplasms
  3 giant cockroaches
  10 goblins
  9 hobgoblins
  2 jackals (D:2)
  9 kobolds
  11 quokkas
  10 ball pythons
  7 bats
  3 frilled lizards
  5 rats
121 creatures vanquished.

Vanquished Creatures (others)
  5 plants (D:6)
5 creatures vanquished.

Grand Total: 126 creatures vanquished

Notes
Turn   | Place    | Note
-------+----------+-------------------------------------------
     0 | D:1      | Zonian the Draconian Gladiator began the quest for the Orb.
     0 | D:1      | Reached XP level 1. HP: 17/17 MP: 1/1
    35 | D:1      | Found a faded altar of an unknown god.
   242 | D:1      | Reached XP level 2. HP: 21/25 MP: 2/2
  1015 | D:2      | Identified the +8 hammer "Newtbane" {freeze, rCorr Str+3
                  | SInv}
  1019 | D:2      | Found a runed translucent door.
  1020 | D:2      | Noticed Crazy Yiuf
  1049 | D:2      | Noticed Natasha
  1051 | D:2      | Killed Natasha
  1052 | D:2      | Reached XP level 3. HP: 29/30 MP: 3/3
  1177 | D:2      | Reached XP level 4. HP: 38/38 MP: 4/4
  1812 | D:2      | Noticed Natasha
  1816 | D:2      | Killed Natasha
  1935 | D:3      | Found a shadowy altar of Dithmenos.
  1991 | D:3      | Reached skill level 1 in Maces & Flails
  2001 | D:3      | Found an iron altar of Okawaru.
  2071 | D:3      | Noticed Terence
  2075 | D:3      | Killed Terence
  2076 | D:3      | Reached XP level 5. HP: 45/45 MP: 5/5
  2229 | D:3      | Found a hazy altar of Hepliaklqana.
  2296 | D:3      | Found a glowing drain.
  2319 | Sewer    | Entered a sewer
  2403 | Sewer    | Noticed Pargi
  2409 | Sewer    | Killed Pargi
  2485 | D:3      | You fall into a shaft and drop 2 floors!
  2485 | D:5      | Entered Level 5 of the Dungeon
  2503 | D:4      | Reached XP level 6. HP: 39/52 MP: 6/6
  2873 | D:4      | Found a staircase to the Ecumenical Temple.
  2891 | Temple   | Entered the Ecumenical Temple
  2891 | Temple   | Found a transporter.
  2891 | Temple   | Found a transporter.
  2893 | Temple   | Found a transporter.
  2893 | Temple   | Found a transporter.
  3559 | D:4      | Your scales start taking on a glossy black colour.
  3559 | D:4      | Reached XP level 7. HP: 60/60 MP: 7/7
  3559 | D:4      | Gained mutation: You are resistant to electric shocks.
                  | (rElec) [Black Draconian growth]
  3604 | D:3      | Found a glowing silver altar of Zin.
  3604 | D:3      | Found a stormy altar of Qazlal.
  3604 | D:3      | Found an ancient bone altar of Kikubaaqudgha.
  3604 | D:3      | Found a snail-covered altar of Cheibriados.
  4405 | D:5      | Found a broken altar of Ashenzari.
  4416 | D:5      | Became a worshipper of Ashenzari the Shackled
  4659 | D:5      | Noticed Eustachio
  4670 | D:5      | Killed Eustachio
  4671 | D:5      | Reached skill level 5 in Fighting
  5097 | D:6      | Noticed Edmund
  5110 | D:6      | Killed Edmund
  5111 | D:6      | Reached skill level 5 in Dodging
  5111 | D:6      | Reached XP level 8. HP: 21/69 MP: 8/8
  5641 | D:6      | HP: 1/70 [centaur/arrow (5)]
  5641 | D:6      | Mangled by an orc warrior

Illustrated notes

Levels and vault maps discovered:
D:1:      saegor_arrival_under_anarchy, layout_rooms,
          chequers_ecumenical_altar_simple_redux, dreamdust_mushroom_princess,
          hex_large, corexii_item_surrounded_by_moat, grunt_decor_fettered
D:2:      layout_basic, uniq_natasha, uniq_crazy_yiuf_cottage
D:3:      layout_loops_ring, nicolae_overflow_hidden_temple,
          nicolae_dithmenos_the_darkroom, lemuel_doored_altar,
          okawaru_altar_gauntlet_db, portal_sewer_entry_f, uniq_terence
D:4:      nicolae_cairo_tiling_large_dashed, layout_loops_ring,
          minmay_temple_entry_statues_fountains, minmay_manual_maat
D:5:      layout_basic, cheibrodos_ashenzari_chains, uniq_eustachio
D:6:      layout_loops_corners, serial_bayou, serial_bayou_pond_e,
          serial_bayou_pond_e, serial_bayou_crossing, serial_bayou_shore_a,
          serial_bayou_pond_b, uniq_grinder, uniq_sigmund, uniq_edmund
Temple:   hellmonk_temple_divided_pantheon

Skill      XL: |  1  2  3  4  5  6  7 |
---------------+----------------------+-----
Throwing       | 2 3 4 |  4.8
Dodging        | 3 4 5 |  5.2
Fighting       | 3 4 5 |  5.7
Maces & Flails | 1 2 4 |  4.3
Unarmed Combat | |  3.4

Action                     |  1- 3 |  4- 6 |  7- 9 || total
---------------------------+-------+-------+-------++-------
  Melee: Unarmed           |    55 |       |       ||    55
         Tailslap          |     7 |    14 |     9 ||    30
         Punch             |     3 |     1 |     3 ||     7
         Mace              |    19 |   141 |    74 ||   234
  Throw: Javelin           |       |     1 |       ||     1
         Throwing net      |       |     1 |     1 ||     2
Ability: Breathe Lightning |       |       |     1 ||     1
    Use: Scroll            |       |     8 |     1 ||     9
         Potion            |       |       |     3 ||     3
   Stab: Sleeping          |     2 |       |       ||     2
         Held in net/web   |       |     1 |       ||     1
 Armour: Skin              |    24 |    65 |    20 ||   109
  Dodge: Dodged            |    51 |   125 |    41 ||   217

Table legend: (Time is in decaauts)
 A = Elapsed time spent in this place.
 B = Non-inter-level travel time spent in this place.
 C = Inter-level travel time spent in this place.
 D = Time resting spent in this place.
 E = Time spent auto-exploring this place.
 F = Levels seen in this place.
 G = Mean time per level.
                   A        B        C        D        E       F      G
               +--------+--------+--------+--------+--------+-----+--------+
         Total |   5741 |   5542 |    199 |   1263 |   3189 |   8 |  717.6 |
       Dungeon |   5546 |   5347 |    199 |   1263 |   3145 |   6 |  924.3 |
        Temple |     47 |     47 |      0 |      0 |      0 |   1 |   47.0 |
         Sewer |    147 |    147 |      0 |      0 |     44 |   1 |  147.0 |
               +--------+--------+--------+--------+--------+-----+--------+

Top non-repeatable levels by time:
     D:4: 1589 daAuts
     D:1: 957 daAuts
     D:2: 911 daAuts
     D:3: 826 daAuts
     D:5: 707 daAuts
     D:6: 553 daAuts
   Sewer: 147 daAuts
  Temple: 47 daAuts
